 Dungeon Crawl Stone Soup version 0.18.1-48-g4cf74bf (webtiles) character file.

43477 Heedrag the Eclecticist (level 13, -26/74 HPs)
             Began as a Deep Elf Conjurer on July 24, 2016.
             Was a High Priest of Vehumet.
             Annihilated by Rupert
             ... wielding a +2 great mace of pain
              (46 damage)
             ... on level 5 of the Lair of Beasts.
             The game lasted 01:22:56 (26758 turns).

Heedrag the Eclecticist (Deep Elf Conjurer)        Turns: 26758, Time: 01:22:57

Health: -26/74     AC:  7    Str:  8    XL:     13   Next: 91%
Magic:  1/48       EV: 14    Int: 23    God:    Vehumet [*****.]
Gold:   2063       SH:  6    Dex: 15    Spells: 7 memorised, 29 levels left

rFire  . . .     SeeInvis .     i - +1 dagger (venom)
rCold  . . .     Gourm    +     a - +0 robe
rNeg   . . .     Faith    .     p - +1 buckler
rPois  +         Spirit   .     r - +0 helmet
rElec  .         Dismiss  .     K - +2 cloak {MR+}
rCorr  .         Reflect  .     Y - +0 pair of gloves
SustAt .         Harm     .     (no boots)
MR     ++...     Clarity  +     H - amulet of the gourmand
Stlth  +++++.....               L - ring of magical power
                                u - ring of poison resistance

@: very resistant to hostile enchantments, quite stealthy
A: clarity
a: Renounce Religion


You were on level 5 of the Lair of Beasts.
You worshipped Vehumet.
Vehumet was extremely pleased with you.
You were very full.

You visited 4 branches of the dungeon, and saw 20 of its levels.
You also visited: Ossuary.

You collected 2078 gold pieces.
You spent 15 gold pieces at shops.

Inventory:

Hand Weapons
 i - a +1 dagger of venom (weapon)
 m - a +0 short sword of venom
Armour
 a - a +0 robe (worn)
 p - a +1 buckler (worn)
 r - a +0 helmet (worn)
 C - the -3 buckler "Wypumis" {rPois MP+9 Str+4 Slay-5}
   (You found it on level 5 of the Lair of Beasts)

   It affects your strength (+4).
   It affects your accuracy and damage with ranged weapons and melee attacks
   (-5).
   It protects you from poison.
   It affects your magic capacity (+9).
 K - a +2 cloak of magic resistance (worn)
 Y - a +0 pair of gloves (worn)
Jewellery
 b - a +5 ring of intelligence
 l - a +3 ring of strength
 u - a ring of poison resistance (left hand)
 v - an uncursed ring of stealth
 A - a +4 ring of protection
 B - an uncursed ring of positive energy
 H - an amulet of the gourmand (around neck)
 L - a ring of magical power (right hand)
 O - a +4 ring of strength
Wands
 d - a wand of iceblast (8/15)
 h - a wand of acid (5/15)
 y - a wand of slowing (37/48)
 F - a wand of iceblast (5/15)
 Q - a wand of disintegration (21/24)
Scrolls
 e - 3 scrolls of blinking
 f - 8 scrolls of identify
 k - 9 scrolls of remove curse
 o - 8 scrolls of teleportation
 w - 6 scrolls of enchant weapon
 E - a scroll of fog
 G - a scroll of enchant armour
Potions
 g - 5 potions of flight
 n - 2 potions of brilliance
 t - 4 potions of heal wounds
 x - a potion of magic
 J - 5 potions of curing
 N - 2 potions of haste
 V - a potion of invisibility
 W - a potion of cancellation
Books
 q - a book of the Sky

   Spells                             Type                      Level
   a - Summon Lightning Spire         Summoning/Air                4
   b - Airstrike                      Air                          4
   c - Silence                        Hexes/Air                    5
   d - Deflect Missiles               Charms/Air                   6
   e - Conjure Ball Lightning         Conjuration/Air              6
   f - Tornado                        Air                          9
 I - a book of Enchantments

   Spells                             Type                      Level
   a - Cause Fear                     Hexes                        4
   b - Yara's Violent Unravelling     Hexes/Transmutation          5
   c - Silence                        Hexes/Air                    5
   d - Deflect Missiles               Charms/Air                   6
   e - Haste                          Charms                       6
   f - Discord                        Hexes                        8
 P - a book of Battle

   Spells                             Type                      Level
   a - Infusion                       Charms                       1
   b - Shroud of Golubria             Charms/Translocation         2
   c - Song of Slaying                Charms                       2
   d - Spectral Weapon                Hexes/Charms                 3
   e - Regeneration                   Charms/Necromancy            3
Comestibles
 c - 10 bread rations
 j - 9 meat rations
 z - a slice of pizza
 D - 7 fruits
 M - 2 chunks of flesh
 U - 23 royal jellies


   Skills:
 + Level 5.8 Fighting
 - Level 5.0 Dodging
 - Level 10.2 Stealth
 + Level 2.8 Shields
 * Level 20.2 Spellcasting
 + Level 12.1 Conjurations
 + Level 7.3 Charms
 + Level 6.9 Fire Magic


You had 29 spell levels left.
You knew the following spells:

 Your Spells              Type           Power        Failure   Level  Hunger
a - Magic Dart            Conj           ####         0%          1    None
b - Dazzling Spray        Conj/Hex       ######       1%          3    None
c - Iskenderun's Mystic   Conj           ######..     1%          4    None
d - Iskenderun's Battles  Conj/Chrm      ######..     1%          5    None
e - Fireball              Conj/Fire      ######....   1%          5    None
f - Regeneration          Chrm/Necr      #####.....   1%          3    None
g - Shroud of Golubria    Chrm/Tloc      #####.....   1%          2    None


Dungeon Overview and Level Annotations

Branches:
Dungeon (12/15)            Temple (1/1) D:7            Lair (5/8) D:9
 Spider (0/4) Lair:3          Orc (2/2) D:9             Elf (0/3) Orc:2
  Swamp: Lair:3-6    Shoals: Lair:3-6

Altars:
Ashenzari
Cheibriados
Dithmenos
Elyvilon
Fedhas
Gozag
Kikubaaqudgha
Makhleb
Nemelex Xobeh
Okawaru
Pakellas
Qazlal
Ru
Sif Muna
Trog
Vehumet
Xom
Yredelemnul
Zin
The Shining One
Beogh

Shops:
D:6 [   Orc:2 ?}?[

Annotations:
D:6 Dowan, Duvessa
Lair:5 Maud, Rupert


Innate Abilities, Weirdness & Mutations

You possess an exceptional clarity of mind.


Message History

Press: ? - help, Shift-Dir - straight line, f/p - Rupert
Aim: Rupert, wieldin' a great mace o' pain an' wearin' a leathar armour (severely wounded, berserk, fast, unusu'lly strong) Tha orb o' energy hits Rupert.
Rupert be severely wounded.
Tha orb o' energy 'splodes!
Tha mestic blast hits tha plant.
Tha plant be severely damaged.
Yer battlesphere fires!
Tha barrage o' energy hits Rupert.
Rupert be almost dead.
Rupert hits ye wit' a great mace o' pain!!
* * * LOW HITPOINT WARNIN'
* * * Ye writha in agony.
* * * LOW HITPOINT WARNIN'
* * * Rupert rages.
Tha teleport trap disappears.
Yer battlesphere disappears!
Rupert misses ye.
Rupert hits ye wit' a great mace o' pain!!!
Ouch! Tha re'lly hurt!
Ye die...

#....#
##...###
#......#
#######...#.#
.....P....# #
. .P..PP...##
.. #......§.P#
....###.##..##
.... ###P@.#
....P####@..#
............##
....†rk.....P#
............##
............#
.............#
............##
............#


You could see Rupert (berserk), a lindwurm and a river rat.

Vanquished Creatures
  3 ogre magi (Orc:2)
  3 hydras
  An orc high priest (Orc:1)
  Sonja (Lair:3)
  Nergalle (Orc:2)
  A skeletal warrior (D:11)
  2 orc knights
  4 hill giants
  10 orc sorcerers
  A cyclops (D:12)
  A griffon (Lair:5)
  An ice statue (Lair:4)
  A gargoyle (D:11)
  8 spiny frogs
  2 rime drakes
  An ice devil (Lair:4)
  4 komodo dragons
  2 queen bees
  3 trolls
  3 polar bears (Lair:4)
  2 two-headed ogres
  29 yaks
  A wraith (D:12)
  3 hungry ghosts
  11 hippogriffs
  A fire elemental (D:12)
  2 vampire mosquitoes (D:12)
  Menkaure (D:6)
  7 water moccasins
  5 wargs
  4 porcupines
  3 black bears
  11 sky beasts
  4 ice beasts
  18 orc warriors
  13 ogres
  2 necrophages
  5 wolves (Lair:3)
  8 centaurs
  10 crocodiles
  A gnoll sergeant (D:9)
  12 giant frogs
  A water moccasin skeleton (D:10)
  47 killer bees
  2 troll zombies (D:9)
  A wyvern skeleton (D:8)
  10 scorpions
  16 wights
  2 electric eels
  2 lava snakes (D:12)
  A giant frog zombie (D:12)
  5 centaur zombies
  6 crimson imps
  A quasit (D:7)
  11 orc priests
  A giant frog skeleton (D:9)
  3 hounds
  2 jellies
  2 centaur skeletons
  Ijyb (D:3)
  7 iguanas
  31 orc wizards
  12 worker ants
  A killer bee zombie (D:10)
  2 big kobold zombies (Ossuary)
  13 sheep
  6 ogre zombies (D:9)
  4 mummies
  3 gnolls (D:9)
  14 adders
  53 river rats
  3 scorpion zombies (Ossuary)
  2 shadow imps
  5 white imps (Lair:4)
  An ooze (D:3)
  An adder skeleton (D:8)
  5 worms
  4 dart slugs (D:1)
  A giant gecko (D:2)
  76 orcs
  2 ball pythons
  7 bats
  7 giant cockroaches
  A gnoll zombie (Ossuary)
  14 goblins
  6 hobgoblins
  11 jackals
  6 quokkas
  2 giant cockroach zombies (D:6)
  A giant gecko skeleton (D:4)
  5 giant newts
  A goblin skeleton (D:9)
  2 goblin zombies
  A hobgoblin skeleton (D:9)
  10 hobgoblin zombies
  3 kobolds
  A kobold zombie (Ossuary)
  2 orc skeletons (D:9)
  14 orc zombies
  14 rats
  2 fungi
  A plant (Lair:4)
677 creatures vanquished.

Vanquished Creatures (others)
  8 fungi
  A plant (D:9)
9 creatures vanquished.

Grand Total: 686 creatures vanquished

Notes
Turn   | Place    | Note
--------------------------------------------------------------
     0 | D:1      | Heedrag the Deep Elf Conjurer began the quest for the Orb.
     0 | D:1      | Reached XP level 1. HP: 10/10 MP: 6/6
   231 | D:1      | Reached skill level 4 in Spellcasting
   231 | D:1      | Reached XP level 2. HP: 13/15 MP: 7/9
   648 | D:1      | Reached XP level 3. HP: 14/19 MP: 8/11
  1014 | D:2      | Reached skill level 5 in Spellcasting
  1058 | D:2      | Found a radiant altar of Vehumet.
  1075 | D:2      | Became a worshipper of Vehumet
  1468 | D:2      | Learned a level 3 spell: Dazzling Spray
  1495 | D:2      | Reached skill level 6 in Spellcasting
  1495 | D:2      | Reached XP level 4. HP: 23/24 MP: 8/14
  1632 | D:2      | Reached * piety under Vehumet
  1632 | D:2      | Offered knowledge of Freeze by Vehumet.
  2395 | D:3      | Reached skill level 7 in Spellcasting
  2395 | D:3      | Reached XP level 5. HP: 9/28 MP: 1/16
  2726 | D:3      | Noticed Ijyb
  2730 | D:3      | HP: 1/28 [Ijyb/wand of lightning (18)]
  2734 | D:3      | Killed Ijyb
  3103 | D:3      | Reached skill level 8 in Spellcasting
  3340 | D:4      | Noticed an ogre
  3346 | D:4      | Killed an ogre
  3346 | D:4      | Reached ** piety under Vehumet
  3346 | D:4      | Reached XP level 6. HP: 32/32 MP: 3/19
  3455 | D:4      | Offered knowledge of Sting by Vehumet.
  3455 | D:4      | Reached skill level 9 in Spellcasting
  3909 | D:5      | Entered Level 5 of the Dungeon
  4088 | D:5      | Reached skill level 10 in Spellcasting
  4162 | D:5      | Found an opulent altar of Gozag.
  4288 | D:5      | Reached XP level 7. HP: 24/36 MP: 2/22
  4661 | D:5      | Reached skill level 11 in Spellcasting
  5250 | D:6      | Noticed Duvessa
  5250 | D:6      | Noticed Dowan
  5256 | D:6      | Found a sand-covered staircase.
  5284 | Ossuary  | Entered an ossuary
  5597 | Ossuary  | Reached XP level 8. HP: 41/41 MP: 9/25
  5841 | Ossuary  | Reached skill level 12 in Spellcasting
  6120 | Ossuary  | Reached skill level 5 in Conjurations
  6364 | D:6      | Offered knowledge of Stone Arrow by Vehumet.
  6534 | D:6      | Noticed Menkaure
  6539 | D:6      | Killed Menkaure
  6600 | D:6      | Found a shadowy altar of Dithmenos.
  6799 | D:6      | Found Wuiloqas's Antique Armour Shoppe.
  7054 | D:7      | Reached skill level 5 in Stealth
  7116 | D:6      | Reached skill level 13 in Spellcasting
  7277 | D:7      | Found a staircase to the Ecumenical Temple.
  7343 | Temple   | Entered the Ecumenical Temple
  7555 | D:7      | Learned a level 4 spell: Iskenderun's Mystic Blast
  7561 | D:7      | Learned a level 5 spell: Iskenderun's Battlesphere
  7581 | D:7      | Reached *** piety under Vehumet
  7653 | D:7      | Reached XP level 9. HP: 43/45 MP: 20/28
  8159 | D:7      | Found a sparkling altar of Nemelex Xobeh.
  8749 | D:8      | Noticed a queen bee
  8751 | D:8      | Reached skill level 14 in Spellcasting
  8805 | D:8      | HP: 2/45 [killer bee (6)]
  9068 | D:8      | Offered knowledge of Force Lance by Vehumet.
 10105 | D:8      | Reached XP level 10. HP: 50/50 MP: 20/30
 10224 | D:8      | Reached skill level 15 in Spellcasting
 10805 | D:8      | Gained mutation: You possess an exceptional clarity of mind. [mutagenic meat]
 10908 | D:9      | Reached **** piety under Vehumet
 11165 | D:9      | Offered knowledge of Conjure Flame by Vehumet.
 11717 | D:9      | Found a staircase to the Lair.
 11788 | D:10     | Entered Level 10 of the Dungeon
 11998 | D:9      | Reached skill level 16 in Spellcasting
 13086 | D:9      | Found a staircase to the Orcish Mines.
 13193 | D:9      | Reached ***** piety under Vehumet
 13193 | D:9      | Offered knowledge of Fireball by Vehumet.
 13529 | Lair:1   | Entered Level 1 of the Lair of Beasts
 13816 | Lair:1   | Reached XP level 11. HP: 54/54 MP: 21/33
 14494 | D:10     | Noticed a hill giant
 14729 | D:11     | Noticed a skeletal warrior
 14729 | D:11     | Noticed a skeletal warrior
 14729 | D:11     | Noticed a skeletal warrior
 14967 | D:11     | Reached skill level 10 in Stealth
 15055 | D:10     | Reached skill level 17 in Spellcasting
 15489 | D:10     | Killed a hill giant
 15695 | D:10     | Reached skill level 1 in Fighting
 15985 | D:10     | Learned a level 5 spell: Fireball
 16007 | D:10     | Reached skill level 1 in Shields
 16222 | D:11     | Noticed a skeletal warrior
 16233 | D:11     | Killed a skeletal warrior
 16422 | D:11     | Noticed a hill giant
 16442 | D:11     | Killed a hill giant
 16600 | D:11     | Reached skill level 10 in Conjurations
 16969 | D:11     | Got a polished ring mail
 16970 | D:11     | Identified the +5 ring mail "Dahouck" {*Contam +Blink rF++ Int-5} (You found it on level 11 of the Dungeon)
 17075 | D:11     | Noticed a hill giant
 17081 | D:11     | Killed a hill giant
 17732 | D:12     | Reached skill level 5 in Dodging
 17732 | D:12     | Reached skill level 18 in Spellcasting
 17732 | D:12     | Reached XP level 12. HP: 37/64 MP: 22/36
 18037 | D:12     | Reached skill level 1 in Fire Magic
 18861 | Orc:1    | Entered Level 1 of the Orcish Mines
 20071 | Lair:2   | Reached skill level 1 in Charms
 20239 | Lair:2   | Offered knowledge of Airstrike by Vehumet.
 21055 | Lair:3   | Found a hole to the Spider Nest.
 21056 | Lair:3   | Noticed Sonja
 21060 | Lair:3   | Killed Sonja
 21060 | Lair:3   | Reached skill level 19 in Spellcasting
 21393 | Lair:3   | Noticed a seven-headed hydra
 21397 | Lair:3   | Killed a seven-headed hydra
 21893 | Orc:1    | Found a roughly hewn altar of Beogh.
 22085 | Orc:1    | Reached XP level 13. HP: 72/72 MP: 17/38
 22397 | Orc:1    | Reached skill level 5 in Fire Magic
 22404 | Orc:2    | Entered Level 2 of the Orcish Mines
 22404 | Orc:2    | Found a roughly hewn altar of Beogh.
 22404 | Orc:2    | Found a staircase to the Elven Halls.
 23284 | Orc:2    | Offered knowledge of Spellforged Servitor by Vehumet.
 23517 | Orc:2    | Reached skill level 5 in Fighting
 23578 | Orc:2    | Reached skill level 5 in Charms
 23700 | Orc:2    | Found an ancient bone altar of Kikubaaqudgha.
 23703 | Orc:2    | Noticed Nergalle
 23708 | Orc:2    | Killed Nergalle
 23810 | Orc:2    | Found Omugun's Gadget Shop.
 23908 | Orc:2    | Found a radiant altar of Vehumet.
 24313 | Orc:2    | Found a roughly hewn altar of Beogh.
 24313 | Orc:2    | Found Wesoplax's Antique Armour Boutique.
 24314 | Orc:2    | Found Zucrit's Magic Scroll Shop.
 24327 | Orc:2    | Found Kileun's Magic Scroll Boutique.
 24329 | Orc:2    | Bought a scroll of noise for 15 gold pieces
 25068 | Lair:4   | Reached skill level 20 in Spellcasting
 26203 | Lair:5   | Noticed Maud
 26205 | Lair:5   | Got a faintly glowing buckler
 26225 | Lair:4   | Identified the cursed -3 buckler "Wypumis" {rPois MP+9 Str+4 Slay-5} (You found it on level 5 of the Lair of Beasts)
 26455 | Lair:5   | Learned a level 3 spell: Regeneration
 26458 | Lair:5   | Learned a level 2 spell: Shroud of Golubria
 26507 | Lair:5   | Offered knowledge of Irradiate by Vehumet.
 26746 | Lair:5   | Noticed Rupert
 26758 | Lair:5   | Annihilated by Rupert

Skill      XL: |  1  2  3  4  5  6  7  8  9 10 11 12 13 |
---------------+----------------------------------------+-----
Spellcasting   | 4 6 7 8 10 11 13 14 16 18 19 20 | 20.2
Stealth        | 3 5 7 9 10 | 10.2
Conjurations   | 6 7 9 10 11 12 | 12.1
Fighting       | 2 4 5 |  5.8
Dodging        | 5 |  5.0
Shields        | 2 |  2.8
Fire Magic     | 4 6 |  6.9
Charms         | 4 7 |  7.3

Action                   |  1- 3 |  4- 6 |  7- 9 | 10-12 | 13-15 || total
-------------------------+-------+-------+-------+-------+-------++-------
Melee: Dagger            |    10 |    25 |    21 |    71 |    10 ||   137
 Cast: Magic Dart        |    75 |   143 |   313 |   310 |    88 ||   929
       Dazzling Spray    |       |    25 |    51 |    14 |       ||    90
       Iskenderun's Myst |       |       |    73 |   467 |   171 ||   711
       Iskenderun's Batt |       |       |       |    28 |    52 ||    80
       Fireball          |       |       |       |     5 |    22 ||    27
Evoke: Wand              |       |       |       |     1 |       ||     1
  Use: Scroll            |       |       |     2 |    25 |     2 ||    29
       Potion            |       |       |     2 |     3 |       ||     5
 Stab: Invisible         |       |     1 |     1 |       |       ||     2
       Sleeping          |       |       |     1 |     1 |       ||     2
  Eat: Chunk             |     2 |     8 |    17 |    44 |    15 ||    86
       Pizza             |       |       |     1 |       |       ||     1
       Meat ration       |       |       |     1 |       |       ||     1
       Beef jerky        |       |       |       |     1 |       ||     1
Armor: Robe              |     1 |     7 |    31 |    38 |    14 ||    91
Dodge: Dodged            |     7 |    40 |   119 |   156 |    35 ||   357
Block: Buckler           |     2 |       |       |       |     2 ||     4
